 Dungeon Crawl Stone Soup version 0.27.1-3-gb3d3a73c9e (webtiles) character file.

Game seed: 12490164765659299662

86 earthworldpsion the Shield-Bearer (level 4, -3/40 HPs)
             Began as a Hill Orc Fighter on Oct 18, 2021.
             Slain by a scorpion (5 damage)
             ... on level 2 of the Dungeon.
             The game lasted 00:07:30 (1104 turns).

earthworldpsion the Shield-Bearer (HOFi)            Turns: 1104, Time: 00:07:30

Health: -3/40      AC:  7    Str: 19    XL:     4   Next: 49%
Magic:  4/4        EV:  7    Int:  8    God:
Gold:   95         SH:  9    Dex: 10    Spells: 3/3 levels left

rFire    . . .     SeeInvis .   a - +0 war axe
rCold    . . .     Faith    .   c - +0 kite shield
rNeg     . . .     Spirit   .   b - +0 scale mail
rPois    .         Reflect  .   (no helmet)
rElec    .         Harm     .   (no cloak)
rCorr    .         Rampage  .   (no gloves)
Will     .....                  (no boots)
Stlth    ..........             (no amulet)
HPRegen  0.13/turn              (no ring)
MPRegen  0.09/turn              (no ring)

@: mighty, brilliant
A: no striking features
a: no special abilities


You were on level 2 of the Dungeon.
You visited 1 branch of the dungeon, and saw 2 of its levels.

You collected 95 gold pieces.

Inventory:

Hand Weapons
 a - a +0 war axe (weapon)
Missiles
 h - 10 poisoned darts (quivered)
Armour
 b - a +0 scale mail (worn)
 c - a +0 kite shield (worn)
Scrolls
 e - a scroll of identify
 f - a scroll of immolation {unknown}
 g - a scroll of brand weapon {unknown}
Potions
 d - a potion of might


   Skills:
 + Level 4.1 Fighting
 + Level 3.5 Axes
 + Level 0.2 Throwing
 + Level 4.0 Armour
 + Level 0.2 Dodging
 + Level 4.2 Shields


You had 3 spell levels left.
You didn't know any spells.
Your spell library contained the following spells:

 Spells                   Type           Power      Damage    Failure   Level
 Animate Skeleton         Necr           0%         N/A       99%         1
 Apportation              Tloc           0%         N/A       99%         1
 Corona                   Hex            0%         N/A       99%         1
 Summon Small Mammal      Summ           0%         N/A       99%         1
 Sublimation of Blood     Necr           0%         N/A       100%        2
 Wereblood                Tmut           0%         N/A       100%        2
 Summon Hydra             Summ           0%         N/A       100%        7


Dungeon Overview and Level Annotations

Branches:
Dungeon (2/15)

Altars:

Shops:
D:1 [


Message History

You feel sick.
The scorpion stings you but does no damage.
The scorpion stings you.
You feel sick.
It was a potion of brilliance.
You feel clever all of a sudden.
You feel sick. The scorpion stings you!
* * * LOW HITPOINT WARNING * * *
You feel sick. You block the scorpion's attack.
As you read the scroll of teleportation, it crumbles to dust.
You feel strangely unstable.
You feel sick.
The scorpion stings you but does no damage.
You closely miss the scorpion.
The scorpion is lightly wounded.
You feel sick.
You are no longer poisoned.
The scorpion stings you but does no damage.
The scorpion stings you.
* * * LOW HITPOINT WARNING * * *
Your surroundings seem slightly different.
Found 15 stones.
You feel very mighty all of a sudden.
The scorpion stings you but does no damage.
You slash the scorpion!
The scorpion is severely wounded.
The scorpion completely misses you. x2
You barely miss the scorpion.
The scorpion is severely wounded.
The scorpion stings you but does no damage.
You closely miss the scorpion.
The scorpion is severely wounded.
The scorpion completely misses you. You block the scorpion's attack.
You hit the scorpion.
The scorpion is almost dead.
You block the scorpion's attack. The scorpion stings you.
* * * LOW HITPOINT WARNING * * *
You completely miss the scorpion.
The scorpion is almost dead.
The scorpion stings you.
You die...

......# ######.#.#... ......#
................ ......#
.#####..#.#..... ......#
.#b..##.#....#<. ..##### .#..
#.#.#..#.# ......# .#.
##.#.#..#.. ...w..####### ##.#
##....#..###
............####..#.##.......(...
...........w..rs@.........#######
..##.......#####..#.......#..## #
....######.# ........##.#P..###
....##.P##... ............#P.PP#.
....#... #...........#..#.#P...#.
....##P #.....########.#.######.
....######..(..# #.#........
.##........###.. #........#....
)##........# #........#....


You could see a worm, a scorpion and a quokka.

Vanquished Creatures
  Natasha (D:2)
  A gnoll (D:1)
  2 adders (D:2)
  A dart slug (D:2)
  2 ball pythons (D:1)
  4 endoplasms (D:1)
  4 giant cockroaches
  2 goblins
  3 hobgoblins
  A quokka (D:2)
  2 bats
  2 frilled lizards (D:2)
  2 kobolds (D:1)
  3 rats
30 creatures vanquished.

Notes
Turn   | Place    | Note
-------+----------+-------------------------------------------
     0 | D:1      | earthworldpsion the Hill Orc Fighter began the quest for
                  | the Orb.
     0 | D:1      | Reached XP level 1. HP: 19/19 MP: 1/1
   169 | D:1      | Found Xoisah's Armour Boutique.
   234 | D:1      | Found a faded altar of an unknown god.
   238 | D:1      | Reached XP level 2. HP: 22/27 MP: 2/2
   466 | D:1      | Reached XP level 3. HP: 33/33 MP: 3/3
  1010 | D:2      | Noticed Natasha
  1025 | D:2      | Killed Natasha
  1026 | D:2      | Reached XP level 4. HP: 40/40 MP: 4/4
  1071 | D:2      | Noticed a scorpion
  1085 | D:2      | HP: 2/40 [scorpion (4)]
  1103 | D:2      | HP: 2/40 [scorpion (3)]
  1104 | D:2      | Slain by a scorpion

Illustrated notes

Levels and vault maps discovered:
D:1:      minmay_arrival_up_and_down, layout_basic,
          hellmonk_ecumenical_altar_slurped_away, serial_shops, shop_fountains
D:2:      layout_basic, serial_aquarium, aquarium_bridge_long_separate
          [aquarium_subvault_bridge, aquarium_subvault_wall,
          aquarium_subvault_wall, aquarium_subvault_wall,
          aquarium_subvault_bridge, aquarium_subvault_bridge],
          aquarium_window_fake, aquarium_window_1, aquarium_window_corner,
          aquarium_window_corridor_3, aquarium_view_2d, aquarium_view_2b,
          aquarium_pool_2, uniq_natasha

Skill      XL: |  1  2  3 |
---------------+----------+-----
Fighting       | 4 |  4.1
Axes           | 3 |  3.5
Shields        | 4 |  4.2
Armour         | 4 |  4.0
Throwing       | |  0.2
Dodging        | |  0.2

Action                   |  1- 3 |  4- 6 || total
-------------------------+-------+-------++-------
Melee: War axe           |    64 |    16 ||    80
Throw: Dart              |     9 |       ||     9
  Use: Scroll            |     1 |     1 ||     2
       Potion            |       |     2 ||     2
Armor: Scale mail        |    19 |     9 ||    28
       Skin              |     4 |       ||     4
Dodge: Dodged            |    19 |    10 ||    29
Block: Kite shield       |    29 |     6 ||    35
